 Dungeon Crawl Stone Soup version 0.26.1-11-gd32895ea62 (webtiles) character file.

Game seed: 10820197649876443868

226 Kukuleta the Insei (level 6, -5/41 HPs)
             Began as an Octopode Transmuter on June 29, 2021.
             Slain by Terence
             ... wielding a +0 vorpal flail
              (7 damage)
             ... on level 2 of the Dungeon.
             The game lasted 00:04:54 (1954 turns).

Kukuleta the Insei (Octopode Transmuter)            Turns: 1954, Time: 00:04:55

Health: -5/41      AC:  1    Str: 12    XL:     6   Next: 1%
Magic:  10/10      EV: 14    Int: 15    God:
Gold:   68         SH:  0    Dex: 12    Spells: 2/10 levels left

rFire    . . .     SeeInvis .     - Unarmed
rCold    . . .     Faith    .   (no shield)
rNeg     . . .     Spirit   .   (helmet currently unavailable)
rPois    .         Reflect  .   (no amulet)
rElec    .         Harm     .   (no ring)
rCorr    .         Rampage  .   (no ring)
Will     .....                  (no ring)
Stlth    ++........             (no ring)
HPRegen  0.13/turn              (no ring)
MPRegen  0.12/turn              (no ring)
                                (no ring)
                                (no ring)

@: appendages
A: almost no armour, stealthy swim, amphibious, 8 rings, constrict 8, tentacle
spike 3, camouflage 1, gelatinous body 1
a: End Transformation


You were on level 2 of the Dungeon.
One of your tentacles had a temporary spike.
You visited 1 branch of the dungeon, and saw 2 of its levels.

You collected 68 gold pieces.

Inventory:

Scrolls
 a - 3 scrolls of identify {unknown}
 d - 2 scrolls of magic mapping {unknown}
 e - a scroll of teleportation {unknown}
 f - a scroll of fog {unknown}
 g - 2 scrolls of remove curse {unknown}
Potions
 b - a potion of brilliance {unknown}
 c - a potion of invisibility {unknown}


   Skills:
 + Level 2.5 Fighting
 + Level 3.1 Dodging
 + Level 4.0 Unarmed Combat
 + Level 2.9 Spellcasting
 * Level 3.3 Transmutations


You had 2 spell levels left.
You knew the following spells:

 Your Spells              Type           Power        Failure   Level
a - Beastly Appendage     Tmut           24%          5%          1
b - Wereblood             Tmut           12%          8%          2
c - Blade Hands           Tmut           6%           82%         5

Your spell library contained the following spells:

 Spells                   Type           Power        Failure   Level
 Spider Form              Tmut/Pois      3%           30%         3
 Ice Form                 Ice/Tmut       7%           71%         4


Dungeon Overview and Level Annotations

Branches:
Dungeon (2/15)

Altars:
Xom

Annotations:
D:2 Terence


Innate Abilities, Weirdness & Mutations

You cannot wear most types of armour.
You are very stealthy in the water. (Stealth+)
You are amphibious.
You can wear up to eight rings at the same time.
You can use your tentacles to constrict eight enemies at once.
Your skin changes colour to match your surroundings (Stealth+).
Your rubbery body absorbs attacks. (AC +1, EV +1)
One of your tentacles bears a large vicious spike.


Message History

Your tentacle spike misses Terence.
Terence is moderately wounded.
Terence completely misses you.
You tentacle-slap Terence but do no damage.
Your grab misses Terence.
Terence is moderately wounded.
Terence hits you with a +0 vorpal flail!
You tentacle-slap Terence. You grab Terence.
Terence is moderately wounded.
You constrict Terence, but do no damage.
You tentacle-slap Terence. You squeeze Terence, but do no damage.
Terence is severely wounded.
You constrict Terence.
Terence hits you with a +0 vorpal flail!
* * * LOW HITPOINT WARNING * * *
x2 You tentacle-slap Terence.
Terence is almost dead.
You constrict Terence, but do no damage.
Terence hits you with a +0 vorpal flail!
You die...

#.####### ##. .#.#
#.... ###.....#
#..#...# #.##.
......#.# #......##
#.##. ..^^..#.#
#.......# #.##.
.^_^.##.# .......#
#.##. ...^.##.#
......# #....
.....##.## #....#
####.
#.####...#######@#
#.
...............†@#
#.
#.#.##...#.#######.
#.
#..#.#.............
#.
#.###....#.########
#. .## ##.....# #.
#†###.##.### #.
##.#.###.# #. ##.##
#.# #. #†# #.#
############## #.


You could see Terence.

Vanquished Creatures
  Sigmund (D:2)
  2 adders (D:2)
  A worm (D:2)
  2 dart slugs (D:2)
  A leopard gecko (D:2)
  A ball python (D:2)
  4 giant cockroaches
  4 goblins (D:1)
  10 hobgoblins
  A quokka (D:2)
  3 bats (D:2)
  4 kobolds (D:1)
  7 rats
41 creatures vanquished.

Notes
Turn   | Place    | Note
-------+----------+-------------------------------------------
     0 | D:1      | Kukuleta the Octopode Transmuter began the quest for the
                  | Orb.
     0 | D:1      | Reached XP level 1. HP: 13/13 MP: 3/3
   113 | D:1      | Reached XP level 2. HP: 18/18 MP: 5/5
   147 | D:1      | Learned a level 2 spell: Wereblood
  1072 | D:2      | Reached XP level 3. HP: 21/23 MP: 3/6
  1107 | D:2      | Found a shimmering altar of Xom.
  1309 | D:2      | Noticed Sigmund
  1319 | D:2      | Killed Sigmund
  1320 | D:2      | Reached XP level 4. HP: 9/30 MP: 5/8
  1320 | D:2      | Reached XP level 5. HP: 10/35 MP: 5/9
  1545 | D:2      | Learned a level 5 spell: Blade Hands
  1818 | D:2      | Reached skill level 4 in Unarmed Combat
  1837 | D:2      | Reached XP level 6. HP: 37/41 MP: 10/10
  1943 | D:2      | Noticed Terence
  1953 | D:2      | HP: 2/41 [Terence/+0 vorpal flail (3)]
  1954 | D:2      | Slain by Terence

Illustrated notes

Levels and vault maps discovered:
D:1:      nzn_arrival_water_spiral, layout_basic
D:2:      layout_loops_ring, xom_teletrap_fun, minmay_misc_feat_columns,
          uniq_terence, uniq_sigmund

Skill      XL: |  1  2  3  4  5 |
---------------+----------------+-----
Fighting       | 2 |  2.5
Dodging        | 3 |  3.1
Transmutations | 3 |  3.3
Unarmed Combat | 4 |  4.0
Spellcasting   | |  2.9

Action                   |  1- 3 |  4- 6 || total
-------------------------+-------+-------++-------
Melee: Unarmed           |    55 |    33 ||    88
       Constrict         |    17 |    12 ||    29
       Tentacles         |     7 |     6 ||    13
       Kick              |     3 |     6 ||     9
       Punch             |     1 |       ||     1
 Cast: Beastly Appendage |     4 |     4 ||     8
       Wereblood         |     2 |       ||     2
 Stab: Sleeping          |     3 |     2 ||     5
Armor: Skin              |     4 |     2 ||     6
Dodge: Dodged            |    24 |    12 ||    36
